AoeStats
← THL

Arabia

508435401Analyzed
1v1 RM · 10d ago on Sep 22, 2026· 48m 42s· 2 players
Game mode
Random Map
Map size
Tiny (2 player)
Population
200
Speed
Normal
Resources
Standard
Victory
Conquest
Starting age
Dark Age
Ending age
Imperial Age
RankedLock teamsTeams togetherTeam positionsShared explorationLock speedFull tech treeHidden civsTurbo modeCheats
Victory
Defeat
🇨🇳 Inca · China
1677
+19
🇻🇳 Magyars · Vietnam
1754
-19
♞王通
6:51 Loom
9:08 Feudal Age
10:44 Double-Bit Axe
10:41 Horse Collar
15:48 Town Watch
21:19 Castle Age
20:35 Gold Mining
21:36 Fletching
21:47 Padded Archer Armor
21:55 Padded Archer Armor
22:15 Bodkin Arrow
21:44 Crossbowman
23:45 Padded Archer Armor
24:46 Bow Saw
26:10 Ballistics
26:28 Leather Archer Armor
29:07 Wheelbarrow
32:41 Thumb Ring
38:38 Imperial Age
36:05 Elite Skirmisher
39:21 Bracer
40:22 Chemistry
40:09 Ring Archer Armor
39:50 Arbalester
41:43 Conscription
42:37 Andean Sling
43:31 Scale Mail Armor
43:41 Forging
42:52 Champi Runner
43:33 Squires
45:56 Hand Cart
47:26 Siege Engineers
47:22 Champi Warrior
48:19 Chain Mail Armor
THL
5:55 Loom
8:52 Feudal Age
10:35 Double-Bit Axe
15:21 Scale Barding Armor
20:34 Castle Age
18:52 Gold Mining
19:46 Bloodlines
19:41 Horse Collar
20:18 Fletching
21:33 Bow Saw
22:23 Bodkin Arrow
23:18 Padded Archer Armor
26:50 Leather Archer Armor
29:01 Ballistics
29:09 Husbandry
33:35 Gold Shaft Mining
37:10 Elite Skirmisher
41:18 Imperial Age
40:09 Thumb Ring
42:08 Bracer
42:38 Ring Archer Armor
43:09 Chemistry
44:03 Conscription
44:49 Wheelbarrow
Connection lost

Rejoining the realm…

Still unreachable

The connection could not be restored.

Session expired

The server has moved on; the page needs a fresh start.